 Dungeon Crawl Stone Soup version 0.17-a0-627-g5cb7d3e (webtiles) character file.

366 ketsa the Insei (level 6, 0/33 HPs)
             Began as a Vine Stalker Monk on Apr 16, 2015.
             Was a Believer of Dithmenos.
             Succumbed to poison (a potion of poison)
             ... on level 6 of the Dungeon.
             The game lasted 00:13:40 (4018 turns).

ketsa the Insei (Vine Stalker Monk)                 Turns: 4018, Time: 00:13:41

Health: 0/33       AC:  7    Str: 19      XL:     6   Next: 68%
Magic:  0/0        EV: 15    Int:  9 (12) God:    Dithmenos [**....]
Gold:   235        SH:  0    Dex: 24      Spells: 0 memorised, 5 levels left

rFire  . . .     SeeInvis .       - Unarmed
rCold  . . .     Clarity  .     a - +0 robe
rNeg   . . .     SustAb   .     (no shield)
rPois  .         Gourm    .     (no helmet)
rElec  .         Spirit   +     (no cloak)
rCorr  .         Warding  .     v - +0 pair of gloves
rMut   .         Stasis   .     H - +1 pair of boots of Hysteria {MP-9 Int+2 Dex+6}
MR     .....                    (no amulet)
Stlth  +++++.....               p - ring of stealth
                                z - +1 ring of protection

@: mighty, lethally poisoned (0 -> -2), flying, wreathed by umbra, not resistant
to hostile enchantments, quite stealthy
A: fangs 2, regeneration 2, shaggy fur 1, magic shield, antimagic bite, no
device heal 3, rot immunity
a: Shadow Step, Renounce Religion


You were on level 6 of the Dungeon.
You worshipped Dithmenos.
Dithmenos was pleased with you.
You were hungry.

You visited 2 branches of the dungeon, and saw 7 of its levels.

You collected 235 gold pieces.

Inventory:

Hand weapons
 e - a +0 dagger
Armour
 a - a +0 robe (worn)
 v - a +0 pair of gloves (worn)
 H - the +1 pair of boots of Hysteria (worn) {MP-9 Int+2 Dex+6}
   (You found it on level 5 of the Dungeon)

   It affects your intelligence (+2).
   It affects your dexterity (+6).
   It affects your magic capacity (-9).
Jewellery
 d - an uncursed ring of teleport control
 p - a ring of stealth (right hand)
 t - an uncursed ring of positive energy
 z - a +1 ring of protection (left hand)
 C - a +3 ring of strength
 J - an uncursed ring of ice {unknown}
Magical devices
 D - a wand of teleportation (7)
 L - a wand of polymorph (14)
Scrolls
 g - 3 scrolls of remove curse {unknown}
 k - 6 scrolls of identify {unknown}
 n - 2 scrolls of blinking {unknown}
 o - 2 scrolls of amnesia {unknown}
 u - a scroll of enchant weapon {unknown}
 y - a scroll of random uselessness {unknown}
 A - a scroll of recharging {unknown}
 B - 2 scrolls of fear {unknown}
 I - 3 scrolls of teleportation {unknown}
Potions
 c - 2 potions of invisibility
 h - 2 potions of curing
 j - 2 potions of restore abilities
 m - 3 potions of poison
 s - a potion of agility
 x - a potion of flight
Books
 w - a Grand Grimoire {highlevel, unknown}

   This book is beyond your current level of understanding.

   Spells                             Type                      Level
   a - Aura of Abjuration             Summoning                    6
   b - Summon Greater Demon           Summoning                    7
   c - Malign Gateway                 Summoning/Translocation      7
   d - Summon Horrible Things         Summoning                    8
 E - a book of Annihilations {highlevel, unknown}

   This book is beyond your current level of understanding.

   Spells                             Type                      Level
   a - Poison Arrow                   Conjuration/Poison           6
   b - Chain Lightning                Conjuration/Air              8
   c - Lehudib's Crystal Spear        Conjuration/Earth            8
   d - Glaciate                       Conjuration/Ice              9
   e - Fire Storm                     Conjuration/Fire             9
Comestibles
 b - 5 bread rations
 i - 5 fruits
 l - 2 meat rations
 q - 2 beef jerkies
 K - a royal jelly


   Skills:
 + Level 4.0 Fighting
 + Level 3.5 Dodging
 + Level 4.3 Stealth
 * Level 5.5 Unarmed Combat


You had 5 spell levels left.
You didn't know any spells.

Dungeon Overview and Level Annotations

Branches:
Dungeon (6/15)             Temple (1/1) D:6

Altars:
Ashenzari
Cheibriados
Dithmenos
Elyvilon
Fedhas
Gozag
Makhleb
Nemelex Xobeh
Okawaru
Qazlal
Ru
Sif Muna
Trog
Xom
Yredelemnul
Zin
The Shining One

Annotations:
D:4 frag's ghost, experienced TrBe


Innate Abilities, Weirdness & Mutations

You have extremely sharp teeth.
You heal very quickly.
You are covered in fur (AC +1).
When hurt, damage is shared between your health and your magic reserves.
Your bite disrupts and absorbs the magic of your enemies.
Potions and wands cannot restore your health.
You are immune to rotting.


Message History

You hear a shout!
The orc hits you but does no damage.
The sky beast hits you but does no damage.
Drink which item? (? for menu, Esc to quit)
It was a potion of poison.
That liquid tasted very nasty...
You are lethally poisoned!
* * * LOW HITPOINT WARNING * * *
You feel sick. The orc closely misses you. The sky beast closely misses you.
Drink which item? (? for menu, Esc to quit)
It was a potion of degeneration.
There was something very wrong with that liquid.
You feel dopey.
* * * LOW HITPOINT WARNING * * *
You feel sick. The sky beast closely misses you. The orc hits you with a whip.
* * * LOW HITPOINT WARNING * * *
Drink which item? (? for menu, Esc to quit)
It was a potion of might.
You feel very mighty all of a sudden.
You die...

#.# ##############.#
#..........)...#
#####.############## . #.....#
###### #..
##.....#################....###..
#................................
#..)...###############...........
#......# #...o@Y.# #.........##
#......# #.#####.# #...........
#......# #. #.# ###....###..
#......# #. ##.#####...<.....
#......# #. #.....##.........
#.####+#####.####.....##.........
.>ยง.............o..........####.#
......................###..# .#
.........o.......#######8.8######


You could see a sky beast and an orc.

Vanquished Creatures
  An ogre (D:4)
  A crimson imp (D:6)
  A hound (D:4)
  An orc priest (D:3)
  3 worker ants
  4 adders
  An adder skeleton (D:3)
  4 giant geckos
  13 orcs
  6 bats
  5 giant cockroaches
  4 goblins
  3 hobgoblins
  6 kobolds
  3 ball pythons
  3 giant newts
  6 jackals
  4 quokkas
  A quokka skeleton (D:5)
  4 rats
74 creatures vanquished.

Notes
Turn   | Place    | Note
--------------------------------------------------------------
     0 | D:1      | ketsa, the Vine Stalker Monk, began the quest for the Orb.
     0 | D:1      | Reached XP level 1. HP: 11/11 MP: 2/2
   264 | D:1      | Reached XP level 2. HP: 16/16 MP: 3/3
   917 | D:2      | Found a bloodstained altar of Trog.
  1244 | D:3      | Reached XP level 3. HP: 16/20 MP: 4/4
  1368 | D:3      | Found a stormy altar of Qazlal.
  1374 | D:3      | Found a basalt altar of Yredelemnul.
  1424 | D:3      | Found a shimmering altar of Xom.
  1514 | D:3      | Reached XP level 4. HP: 9/24 MP: 3/5
  1743 | D:3      | HP: 1/24 [orc/dagger (2)]
  1902 | D:4      | Noticed frag's ghost (experienced TrBe)
  2213 | D:4      | Found a sacrificial altar of Ru.
  2218 | D:4      | Reached XP level 5. HP: 28/28 MP: 6/6
  2493 | D:5      | Entered Level 5 of the Dungeon
  2878 | D:4      | Reached skill level 5 in Unarmed Combat
  3041 | D:5      | Got a pair of heavily runed boots
  3047 | D:5      | Identified the +1 pair of boots of Hysteria {MP-9 Int+2 Dex+6} (You found it on level 5 of the Dungeon)
  3282 | D:5      | Gained mutation: You heal very quickly. [Vine Stalker growth]
  3282 | D:5      | Reached XP level 6. HP: 30/33 MP: 0/7
  3434 | D:5      | Found a glowing golden altar of the Shining One.
  3822 | D:6      | Found a staircase to the Ecumenical Temple.
  3832 | Temple   | Entered the Ecumenical Temple
  3936 | Temple   | Became a worshipper of Dithmenos the Shadowed
  3936 | Temple   | Acquired Dithmenos's first power
  4009 | D:6      | HP: 1/33 [sky beast (6)]
  4017 | D:6      | HP: 1/33 [orc/whip (2)]
  4018 | D:6      | Succumbed to poison (a potion of poison)

Action                   |  1- 3 |  4- 6 || total
-------------------------+-------+-------++-------
Melee: Unarmed           |   120 |   152 ||   272
  Use: Potion            |       |     8 ||     8
 Stab: Sleeping          |     1 |    11 ||    12
       Invisible         |       |     2 ||     2
  Eat: Chunk             |     2 |     7 ||     9
